 Dungeon Crawl Stone Soup version 0.28-a0-863-g8cecda6153 (webtiles) character file.

Game seed: 7905809312568494196

106 kae the Ruffian (level 4, -1/36 HPs)
             Began as a Draconian Transmuter on Nov 18, 2021.
             Slain by an orc (6 damage)
             ... on level 3 of the Dungeon.
             The game lasted 00:03:47 (2495 turns).

kae the Ruffian (Draconian Transmuter)              Turns: 2495, Time: 00:03:48

Health: -1/36      AC:  5    Str: 12    XL:     4   Next: 55%
Magic:  6/7        EV: 12    Int: 15    God:
Gold:   46         SH:  0    Dex: 11    Spells: 3/7 levels left

rFire   . . .      SeeInvis .     - Unarmed
rCold   . . .      Faith    .   (no shield)
rNeg    . . .      Spirit   .   (armour unavailable)
rPois   .          Reflect  .   (helmet restricted)
rElec   .          Harm     .   (no cloak)
rCorr   +          Rampage  .   (no gloves)
Will    .....                   (no boots)
Stlth   +.........              (no amulet)
HPRegen 0.12/turn               b - ring of resist corrosion
MPRegen 0.10/turn               (no ring)

@: no status effects
A: AC +5, unfitting armour, cold-blooded
a: no special abilities


You were on level 3 of the Dungeon.
You visited 1 branch of the dungeon, and saw 3 of its levels.

You collected 76 gold pieces.
You spent 30 gold pieces at shops.

Inventory:

Armour
 f - a +0 hat
Jewellery
 b - a ring of resist corrosion (left hand)
Scrolls
 c - a scroll of magic mapping
 e - 2 scrolls of teleportation
 g - 2 scrolls of blinking
Potions
 a - a potion of mutation
 h - a potion of flight
 i - a potion of magic {unknown}
 j - a potion of curing


   Skills:
 + Level 2.1 Fighting
 + Level 2.3 Dodging
 * Level 4.0 Unarmed Combat
 + Level 2.4 Spellcasting
 + Level 2.6 Transmutations


You had 3 spell levels left.
You knew the following spells:

 Your Spells              Type           Power      Damage    Failure   Level
a - Beastly Appendage     Tmut           18%        N/A       7%          1
b - Spider Form           Tmut/Pois      5%         N/A       36%         3

Your spell library contained the following spells:

 Spells                   Type           Power      Damage    Failure   Level
 Wereblood                Tmut           9%         N/A       11%         2
 Ice Form                 Ice/Tmut       5%         N/A       77%         4


Dungeon Overview and Level Annotations

Branches:
Dungeon (3/15)

Altars:

Shops:
D:1 !


Innate Abilities, Weirdness & Mutations

Your plain brown scales are hard. (AC +5)
You cannot fit into any form of body armour.
You are cold-blooded and may be slowed by cold attacks.


Message History

You hit the orc but do no damage.
The orc is poisoned.
The orc is moderately wounded.
The orc barely misses you. The orc hits you with a +0 hand axe.
The orc closely misses you.
You barely miss the orc.
The orc is severely wounded.
The orc barely misses you.
The orc hits you with a +2 vorpal flail.
The orc closely misses you.
You are too injured to fight recklessly!
You are too injured to fight recklessly!
You are too injured to fight recklessly!
You are too injured to fight recklessly!
You are too injured to fight recklessly!
You are too injured to fight recklessly!
You barely miss the orc. The orc completely misses you.
The orc closely misses you. The orc misses you.
You barely miss the orc. The orc misses you.
The orc hits you with a +0 hand axe. The orc misses you.
You hit the orc.
The orc is poisoned.
The orc is almost dead.
The orc closely misses you. The orc hits you with a +0 hand axe.
The orc hits you with a +2 vorpal flail!
* * * LOW HITPOINT WARNING * * *
x2 You hit the orc.
You kill the orc!
Your transformation is almost over.
The orc closely misses you. The orc hits you with a +0 hand axe.
* * * LOW HITPOINT WARNING * * *
Unknown command.
Unknown command.
Unknown command.
Unknown command.
You feel a bit more experienced.
Your Unarmed Combat skill increases to level 4!
Unknown command.
Unknown command.
Your transformation has ended.
The orc hits you from afar with a +0 trident.
You die...

. #.###.##.≈≈≈≈+
#.#.....##....≈.
........##.≈≈≈≈.
#..............<
########..#....... #..
...........#.......
#.##.#.######..#.#.....
#.##.#.# #..#.#...[.
#.##.#@# #..#.#####'
.....#.### #....#####.
####......o.# ##.#.#.....
#...)#..#.#.# ##..........
#)#..#.#.# #...........
#......#.# #..#.##.....
#######....#.# #..#.##.....
........##.#.# #..#.##.....
.........#.#.###..#.#######


You could see an orc.

Vanquished Creatures
  4 adders
  3 worms
  4 orcs (D:3)
  3 ball pythons
  3 bats
  4 endoplasms
  2 giant cockroaches
  10 goblins
  5 hobgoblins (D:1)
  5 kobolds
  4 quokkas
  2 frilled lizards (D:1)
  6 rats
55 creatures vanquished.

Notes
Turn   | Place    | Note
-------+----------+-------------------------------------------
     0 | D:1      | kae the Draconian Transmuter began the quest for the Orb.
     0 | D:1      | Reached XP level 1. HP: 16/16 MP: 3/3
    87 | D:1      | You fall into a shaft and drop 1 floor!
   195 | D:2      | Reached XP level 2. HP: 23/23 MP: 3/5
   502 | D:2      | Reached XP level 3. HP: 28/28 MP: 4/6
   570 | D:1      | Found Coitso's Distillery.
   583 | D:1      | Bought a potion of curing for 30 gold pieces
   690 | D:1      | Learned a level 3 spell: Spider Form
  1771 | D:3      | Reached XP level 4. HP: 26/36 MP: 7/7
  2480 | D:3      | Reached skill level 4 in Unarmed Combat
  2495 | D:3      | Slain by an orc

Illustrated notes

Levels and vault maps discovered:
D:1:      moated_graveyard_arrival, layout_basic, serial_shops, shop
D:2:      layout_rooms
D:3:      minmay_goblin_kobold_castle, layout_basic,
          chequers_serial_rivers_micro_d

Skill      XL: |  1  2  3  4 |
---------------+-------------+-----
Dodging        | 2 |  2.3
Fighting       | 2 |  2.1
Unarmed Combat | 4 |  4.0
Spellcasting   | |  2.4
Transmutations | |  2.6

Action                   |  1- 3 |  4- 6 || total
-------------------------+-------+-------++-------
Melee: Unarmed           |   110 |    51 ||   161
       Kick              |    25 |     5 ||    30
       Tailslap          |     9 |     4 ||    13
       Headbutt          |     9 |     1 ||    10
       Punch             |     1 |     1 ||     2
 Cast: Beastly Appendage |    27 |     7 ||    34
       Spider Form       |       |     2 ||     2
  Use: Scroll            |     6 |       ||     6
       Potion            |       |     1 ||     1
Armor: Skin              |    27 |    17 ||    44
Dodge: Dodged            |    75 |    69 ||   144

Table legend: (Time is in decaauts)
 A = Elapsed time spent in this place.
 B = Non-inter-level travel time spent in this place.
 C = Inter-level travel time spent in this place.
 D = Time resting spent in this place.
 E = Time spent auto-exploring this place.
 F = Levels seen in this place.
 G = Mean time per level.
                   A        B        C        D        E       F      G
               +--------+--------+--------+--------+--------+-----+--------+
         Total |   2489 |   2429 |     60 |     20 |   1939 |   3 |  829.7 |
       Dungeon |   2489 |   2429 |     60 |     20 |   1939 |   3 |  829.7 |
               +--------+--------+--------+--------+--------+-----+--------+

Top non-repeatable levels by time:
     D:1: 1098 daAuts
     D:2: 828 daAuts
     D:3: 562 daAuts
